 Dungeon Crawl Stone Soup version 0.31-a0-188-g5e087ee2ca (webtiles) character file.

Game seed: 10117076845660777430

56 qw the Shooter (level 3, -3/20 HPs)
             Began as a Deep Elf Hunter on June 23, 2023.
             Slain by Ijyb
             ... wielding a +3 club
              (7 damage)
             ... on level 3 of the Dungeon.
             The game lasted 00:00:35 (1669 turns).

qw the Shooter (Deep Elf Hunter)                    Turns: 1669, Time: 00:00:36

Health: -3/20      AC:  4    Str: 10    XL:     3   Next: 71%
Magic:  5/5        EV: 12    Int: 13    God:
Gold:   63         SH:  0    Dex: 18    Spells: 2/2 levels left

rFire   . . .        Y - +0 shortbow
rCold   + . .        (shield currently unavailable)
rNeg    . . .        c - +0 leather armour
rPois   +            h - +1 hat
rElec   .            (no cloak)
rCorr   .            (no gloves)
SInv    .            (no boots)
Will    .....        (no amulet)
Stlth   ++           d - ring of poison resistance
HPRegen 0.23/turn    f - ring of protection from cold
MPRegen 0.09/turn

%: no passive effects
@: no status effects
A: no striking features
a: no special abilities


You were on level 3 of the Dungeon.
You visited 1 branch of the dungeon, and saw 3 of its levels.

You collected 63 gold pieces.


   Skills:
 - Level 1.5 Fighting
 + Level 7.2 Ranged Weapons
 - Level 2.4 Dodging
 - Level 1.2 Stealth


You had 2 spell levels left.
You didn't know any spells.
Your spell library was empty.

Inventory:

Hand Weapons
 Y - a +0 shortbow (weapon)
Armour
 c - a +0 leather armour (worn)
 h - a +1 hat (worn)
Jewellery
 d - a ring of poison resistance (left hand)
 f - a ring of protection from cold (right hand)
 j - a ring of protection from cold
Scrolls
 a - a scroll of amnesia {unknown}
 g - a scroll of identify
Potions
 b - a potion of curing {unknown}
 e - a potion of haste {unknown}
 i - a potion of berserk rage {unknown}
 k - a potion of degeneration {unknown}

Dungeon Overview and Level Annotations

Branches:
Dungeon (3/15)

Altars:
Hepliaklqana
Makhleb

Shops:
D:1 =

Annotations:
D:3 Ijyb


Message History

Enter note:
Enter note: You shoot an arrow.
The arrow hits Ijyb but does no damage.
Ijyb shouts!
You shoot an arrow. The arrow barely misses Ijyb.
You shoot an arrow. The arrow closely misses Ijyb.
You shoot an arrow. The arrow hits Ijyb but does no damage.
You shoot an arrow. The arrow hits Ijyb.
Ijyb is lightly wounded.
You shoot an arrow. The arrow hits Ijyb.
Ijyb is moderately wounded.
Ijyb hits you with a +3 club.
You shoot an arrow. The arrow hits Ijyb.
Ijyb is heavily wounded.
Ijyb zaps a wand.
You suddenly lose the ability to move!
Ijyb hits you with a +3 club. Ijyb hits you with a +3 club!
Ijyb zaps a wand.
You shrug off the repeated paralysis!
Ijyb hits you with a +3 club.
You can move again.
You shoot an arrow. The arrow hits Ijyb.
Ijyb is heavily wounded.
Ijyb closely misses you.
You shoot an arrow. The arrow hits Ijyb.
Ijyb is heavily wounded.
Ijyb misses you.
You shoot an arrow. The arrow barely misses Ijyb.
Ijyb zaps a wand.
You suddenly lose the ability to move!
Ijyb hits you with a +3 club.
You can move again.
You shoot an arrow. The arrow hits Ijyb but does no damage.
Ijyb is heavily wounded.
Ijyb barely misses you.
You shoot an arrow. The arrow barely misses Ijyb.
Ijyb closely misses you.
You shoot an arrow. The arrow completely misses Ijyb.
Ijyb zaps a wand.
You resist with some effort.
You shoot an arrow. The arrow closely misses Ijyb.
Ijyb hits you with a +3 club!
You die...

##.#...#####....#..........#
#.##..# #.....#..###.###.#
##.#...# ##.......# #.# #.#
....##.# ##.####.###'###.#
....##.# #.# #...'_'...#
.##.##.# #.# ##.#######.#
.##.##.# ##+# #..# ### #.#
.##.##.# ##...##..#######..
.......# #....g@...........#
###.####
#.......####.....#.#
##...####......... ##...# .#
........+........>+ .... .#
#.....###.........# .
.......# #.......## #.....##
##.....## ##...## ##.).#
##..#


You could see Ijyb.

Vanquished Creatures
  An adder (D:2)
  A dart slug (D:1)
  6 ball pythons
  2 endoplasms (D:1)
  5 giant cockroaches
  5 goblins
  2 hobgoblins
  2 quokkas
  4 bats (D:1)
  A frilled lizard (D:1)
  6 kobolds
  5 rats
40 creatures vanquished.

Notes
Turn   | Place    | Note
-------+----------+-------------------------------------------
     0 | D:1      | qw the Deep Elf Hunter began the quest for the Orb.
     0 | D:1      | Reached XP level 1. HP: 12/12 MP: 3/3
     0 | D:1      | 0 ||| qw: Version: 0.3-a-9-g12657ce
     0 | D:1      | 0 ||| qw: Game counter: 3636
     0 | D:1      | 0 ||| qw: Always use a shield: true
     0 | D:1      | 0 ||| qw: God list: Okawaru
     0 | D:1      | 0 ||| qw: Allow faded altars: false
     0 | D:1      | 0 ||| qw: Do Orc after D:15 true
     0 | D:1      | 0 ||| qw: Do second Lair branch before Depths: true
     0 | D:1      | 0 ||| qw: Lair rune preference: random
     0 | D:1      | 0 ||| qw: Plans: Normal
     0 | D:1      | 0 ||| PLANNING D:1-11
   169 | D:1      | Reached skill level 6 in Ranged Weapons
   169 | D:1      | Reached XP level 2. HP: 16/16 MP: 4/4
   219 | D:1      | Found Dotos's Jewellery Shoppe.
   229 | D:1      | 229 ||| SHOPLISTING ring "Xeliuclozi" {Ice rCorr Str+7
                  | Int+3} (644 gold, have 9).
   229 | D:1      | 229 ||| SHOPLISTING ring of ice (275 gold, have 9).
   229 | D:1      | 229 ||| SHOPLISTING ring of protection from cold (275 gold,
                  | have 9).
   229 | D:1      | 229 ||| SHOPLISTING ring of the Heavens {Ice +Blink rN++
                  | Int-3} (475 gold, have 9).
   424 | D:1      | Reached XP level 3. HP: 20/20 MP: 5/5
   537 | D:1      | 537 ||| UPGRADING to +1 hat.
   542 | D:1      | 542 ||| UPGRADING to ring of poison resistance.
   543 | D:1      | 543 ||| UPGRADING to ring of protection from cold.
   544 | D:1      | 544 ||| READING scroll labelled WIXIEX ZUYPP.
   545 | D:1      | 545 ||| READING 3 scrolls labelled DUCESTOPHE.
   546 | D:1      | 546 ||| DROPPING scroll of butterflies.
   547 | D:1      | 547 ||| DROPPING 2 scrolls of vulnerability.
  1078 | D:2      | Reached skill level 7 in Ranged Weapons
  1316 | D:2      | 1316 ||| READING 2 scrolls labelled BOLEJA KYALEO.
  1317 | D:2      | 1317 ||| READING scroll labelled URACEF NAOH.
  1318 | D:2      | 1318 ||| READING scroll labelled LIQEUSTR URIA.
  1319 | D:2      | 1319 ||| DROPPING scroll of noise.
  1437 | D:3      | Found a burning altar of Makhleb.
  1636 | D:3      | Found a hazy altar of Hepliaklqana.
  1650 | D:3      | Noticed Ijyb
  1657 | D:3      | Paralysed by Ijyb for 5 turns
  1664 | D:3      | Paralysed by Ijyb for 2 turns
  1665 | D:3      | HP: 3/20 [Ijyb/+3 club (4)]
  1669 | D:3      | Slain by Ijyb

Levels and vault maps discovered:
D:1:      lightli_arrival_maybe_door_vault, layout_basic, serial_shops, shop,
          minmay_pentomino_v4
D:2:      layout_basic, patterned_corridor
D:3:      layout_loops_corners, lemuel_doored_altar,
          mainiacjoe_overflow_alcove_1, amcnicky_altar_gilded,
          mainiacjoe_overflow_chevrons, nicolae_uskayaw_dance_hall, uniq_ijyb

Skill      XL: |  1  2  3 |
---------------+----------+-----
Ranged Weapons | 6 7 |  7.2
Fighting       | |  1.5
Dodging        | |  2.4
Stealth        | |  1.2

Action                     || total
---------------------------++-------
   Fire: Shortbow          ||   127
    Use: Scroll            ||     5
 Armour: Leather armour    ||    15
  Dodge: Dodged            ||    27

Table legend:
 A = Non-vault XP
 B = Vault XP
 C = Vault XP percentage of total XP
 D = Non-vault monster count
 E = Vault monster count
 F = Vault count percentage of total count
                 A         B        C        D         E       F
            +---------+---------+-------+---------+---------+-------
      Total |      76 |       5 |   6.2 |      37 |       3 |   7.5
            +---------+---------+-------+---------+---------+-------
        D:1 |      36 |       5 |  12.2 |      21 |       3 |  12.5
        D:2 |      30 |       0 |   0.0 |      11 |       0 |   0.0
        D:3 |      10 |       0 |   0.0 |       5 |       0 |   0.0
            +---------+---------+-------+---------+---------+-------
